 Dungeon Crawl Stone Soup version 0.27-a0-1184-ge86db4a01e (webtiles) character file.

Game seed: 13193248967597987189

87 Shayle the Gusty (level 4, -3/30 HPs)
             Began as a Demonspawn Air Elementalist on May 18, 2021.
             Killed from afar by Sigmund (11 damage)
             ... with a magic dart
             ... on level 2 of the Dungeon.
             The game lasted 00:06:37 (1905 turns).

Shayle the Gusty (Demonspawn Air Elementalist)      Turns: 1905, Time: 00:06:37

Health: -3/30      AC:  4    Str:  9    XL:     4   Next: 28%
Magic:  7/7        EV: 12    Int: 17    God:
Gold:   32         SH:  0    Dex: 13    Spells: 4/7 levels left

rFire    . . .     SeeInvis .   f - +0 rapier
rCold    . . .     Faith    .   (no shield)
rNeg     + . .     Spirit   .   a - +0 robe
rPois    .         Reflect  .   (no helmet)
rElec    .         Harm     .   (no cloak)
rCorr    .         Rampage  .   (no gloves)
Will     .....                  (no boots)
Stlth    +.........             (no amulet)
HPRegen  0.10/turn              j - ring of positive energy
MPRegen  0.10/turn              (no ring)

@: confused
A: molten scales 1, demonic magic 1
a: no special abilities


You were on level 2 of the Dungeon.
You visited 1 branch of the dungeon, and saw 2 of its levels.

You collected 32 gold pieces.

Inventory:

Hand Weapons
 d - a +0 dagger
 f - a +0 rapier (weapon)
 k - a +0 dagger of draining
Armour
 a - a +0 robe (worn)
Jewellery
 c - a ring of fire
 j - a ring of positive energy (left hand)
Scrolls
 b - a scroll of fog {unknown}
 g - a scroll of immolation
Potions
 i - a potion of haste {unknown}


   Skills:
 - Level 1.7 Dodging
 - Level 1.7 Stealth
 - Level 2.0 Spellcasting
 - Level 1.0 Conjurations
 + Level 4.7 Air Magic


You had 4 spell levels left.
You knew the following spells:

 Your Spells              Type           Power      Damage    Failure   Level
a - Shock                 Conj/Air       44%        1d5       6%          1
b - Static Discharge      Conj/Air       11%        N/A       9%          2

Your spell library contained the following spells:

 Spells                   Type           Power      Damage    Failure   Level
 Swiftness                Air            17%        N/A       9%          3
 Airstrike                Air            8%         N/A       28%         4
 Lightning Bolt           Conj/Air       5%         1d17      86%         5


Dungeon Overview and Level Annotations

Branches:
Dungeon (2/15)

Altars:

Shops:
D:1 *

Annotations:
D:2 Sigmund


Innate Abilities, Weirdness & Mutations

You are partially covered in molten scales. (AC +2)
Spells you cast may paralyse adjacent enemies.


Message History

Malevolent energies surge around you.
Sigmund gestures at himself while chanting.
Sigmund flickers and vanishes!
Deactivating autopickup; reactivate with Ctrl-A.
You miss something. Something completely misses you.
You barely miss something.
You hear some strange, mumbled words.
Something tries to affect you, but you resist.
You closely miss something. Something hits you.
You miss something. Something hits you!
Casting: Static Discharge (safe; 9% risk of failure)
Confirm with . or Enter, or press ? or * to list all spells.
You can't see any susceptible monsters within range! (Use Z to cast anyway.) Unknown command.
You hit something. Something hits you!
* * * LOW HITPOINT WARNING * * *
It was a potion of ambrosia.
You are confused.
You feel invigorated. Something completely misses you.
You closely miss something. Something hits you but does no damage.
You bump into the rock wall.
You hear some strange, mumbled words.
You are more confused.
You hear some strange, mumbled words.
A puff of flame appears from out of thin air!
The puff of flame hits you.
You bump into the rock wall.
Something hits you! Something hits you.
You bump into the rock wall.
Something barely misses you.
You're too confused to cast spells.
You bump into the rock wall.
Something hits you.
You feel less invigorated. Something hits you!
* * * LOW HITPOINT WARNING * * *
Something hits you.
* * * LOW HITPOINT WARNING * * *
You barely miss something.
You hear some strange, mumbled words.
A magic dart appears from out of thin air!
The magic dart hits you!
You die...

. ....###### ......{@.#
......####.# .....
#.#########
.....####.##.......###
.>...................
....####.#.........##...
#†# #.#...#.....##...
#.######.#...#.....##...
#.#......#...#.....##...


There were no monsters in sight!

Vanquished Creatures
  Natasha (twice) (D:2)
  4 ball pythons
  2 bats (D:1)
  4 endoplasms
  2 giant cockroaches
  4 goblins
  3 hobgoblins (D:1)
  A jackal (D:2)
  2 kobolds (D:1)
  4 quokkas
  2 frilled lizards
  4 rats
34 creatures vanquished.

Notes
Turn   | Place    | Note
-------+----------+-------------------------------------------
     0 | D:1      | Shayle the Demonspawn Air Elementalist began the quest for
                  | the Orb.
     0 | D:1      | Reached XP level 1. HP: 13/13 MP: 3/3
    90 | D:1      | Reached skill level 3 in Air Magic
   235 | D:1      | Gained mutation: Spells you cast may paralyse adjacent
                  | enemies. [demonic ancestry]
   235 | D:1      | Reached XP level 2. HP: 19/19 MP: 0/5
   384 | D:1      | Found Lengen's General Store.
   812 | D:1      | Found a faded altar of an unknown god.
  1418 | D:2      | Reached XP level 3. HP: 24/24 MP: 4/6
  1508 | D:2      | Noticed Sigmund
  1513 | D:2      | Learned a level 2 spell: Static Discharge
  1555 | D:2      | Noticed Natasha
  1564 | D:2      | Killed Natasha
  1565 | D:2      | Reached skill level 4 in Air Magic
  1677 | D:2      | Noticed Natasha
  1733 | D:2      | Killed Natasha
  1734 | D:2      | Gained mutation: You are partially covered in molten
                  | scales. (AC +2) [demonic ancestry]
  1734 | D:2      | Reached XP level 4. HP: 21/30 MP: 4/7
  1905 | D:2      | Killed from afar by Sigmund

Illustrated notes

Levels and vault maps discovered:
D:1:      minmay_arrival_radiant_lines, layout_loops_ring, serial_shops, shop,
          shapermc_ecumenical_altar_mp_ritualfount
D:2:      layout_basic, minmay_close_crescents, uniq_sigmund, uniq_natasha

Skill      XL: |  1  2  3 |
---------------+----------+-----
Air Magic      | 3 4 |  4.7
Dodging        | |  1.7
Stealth        | |  1.7
Spellcasting   | |  2.0
Conjurations   | |  1.0

Action                   |  1- 3 |  4- 6 || total
-------------------------+-------+-------++-------
Melee: Unarmed           |     4 |       ||     4
       Dagger            |     1 |       ||     1
       Rapier            |    48 |     8 ||    56
 Cast: Shock             |    42 |       ||    42
       Static Discharge  |     2 |     2 ||     4
  Use: Scroll            |     2 |       ||     2
       Potion            |     1 |     2 ||     3
 Stab: Paralysed         |     8 |       ||     8
Armor: Robe              |     7 |     1 ||     8
Dodge: Dodged            |    60 |     7 ||    67

Table legend: (Time is in decaauts)
 A = Elapsed time spent in this place.
 B = Non-inter-level travel time spent in this place.
 C = Inter-level travel time spent in this place.
 D = Time resting spent in this place.
 E = Time spent auto-exploring this place.
 F = Levels seen in this place.
 G = Mean time per level.
                   A        B        C        D        E       F      G
               +--------+--------+--------+--------+--------+-----+--------+
         Total |   1914 |   1895 |     19 |    275 |   1211 |   2 |  957.0 |
       Dungeon |   1914 |   1895 |     19 |    275 |   1211 |   2 |  957.0 |
               +--------+--------+--------+--------+--------+-----+--------+

Top non-repeatable levels by time:
     D:1: 1289 daAuts
     D:2: 625 daAuts
